 Dungeon Crawl Stone Soup version 0.27.1-1-g398f81649c (webtiles) character file.

Game seed: 18040205388794002073

26 EBASHER the Ducker (level 2, -2/23 HPs)
             Began as a Demonspawn Gladiator on Sept 8, 2021.
             Killed from afar by Sigmund (4 damage)
             ... with a magic dart
             ... on level 2 of the Dungeon.
             The game lasted 00:05:54 (1252 turns).

EBASHER the Ducker (Demonspawn Gladiator)           Turns: 1252, Time: 00:05:55

Health: -2/23      AC:  4    Str: 14    XL:     2   Next: 89%
Magic:  2/2        EV: 12    Int:  9    God:
Gold:   54         SH:  0    Dex: 16    Spells: 1/1 levels left

rFire    . . .     SeeInvis .   a - +0 long sword
rCold    . . .     Faith    .   (no shield)
rNeg     . . .     Spirit   .   b - +0 leather armour
rPois    .         Reflect  .   c - +0 helmet
rElec    .         Harm     .   (no cloak)
rCorr    .         Rampage  .   (no gloves)
Will     .....                  (no boots)
Stlth    ++........             (no amulet)
HPRegen  0.07/turn              (no ring)
MPRegen  0.08/turn              (no ring)

@: confused
A: thin skeletal structure 1
a: no special abilities


You were on level 2 of the Dungeon.
You visited 1 branch of the dungeon, and saw 2 of its levels.

You collected 54 gold pieces.

Inventory:

Hand Weapons
 a - a +0 long sword (weapon)
Missiles
 d - 2 throwing nets (quivered)
 i - 64 stones
Armour
 b - a +0 leather armour (worn)
 c - a +0 helmet (worn)
Scrolls
 e - 2 scrolls of magic mapping {unknown}
 k - 2 scrolls of teleportation {unknown}
 l - a scroll of identify {unknown}
Potions
 f - 2 potions of heal wounds
 g - a potion of brilliance {unknown}
 h - a potion of flight {unknown}
 j - a potion of attraction {unknown}


   Skills:
 - Level 2.3 Fighting
 + Level 3.0 Long Blades
 + Level 1.8 Throwing
 - Level 0.1 Armour
 + Level 3.1 Dodging


You had one spell level left.
You didn't know any spells.
Your spell library was empty.

Dungeon Overview and Level Annotations

Branches:
Dungeon (2/15)

Altars:

Shops:
D:2 !

Annotations:
D:2 Sigmund


Innate Abilities, Weirdness & Mutations

You have a somewhat thin skeletal structure. (Dex +2, Stealth+)


Message History

Sigmund struggles against the net.
Sigmund struggles against the net.
Sigmund struggles against the net.
Sigmund struggles against the net.
The net rips apart, and Sigmund comes free!
Sigmund closely misses you.
You slash Sigmund!
Sigmund is moderately wounded.
Sigmund points at you and mumbles some strange words.
You are confused.
You miss Sigmund.
Sigmund is moderately wounded.
Sigmund gestures at you while chanting.
You are more confused.
You bump into the rock wall.
Sigmund barely misses you.
You hit Sigmund.
Sigmund is heavily wounded.
Sigmund misses you.
You closely miss Sigmund.
Sigmund is heavily wounded.
You hit Sigmund but do no damage.
Sigmund is heavily wounded.
Sigmund hits you with a +0 scythe!
You hit Sigmund.
Sigmund is severely wounded.
Sigmund drinks a potion.
Sigmund is healed!
You bump into the rock wall.
Sigmund gestures at you while chanting.
You are more confused.
Sigmund barely misses you. Sigmund gestures at you while chanting.
The magic dart hits you.
You're too confused to move!
Sigmund closely misses you.
You're too confused to move!
Sigmund hits you from afar with a +0 scythe!
* * * LOW HITPOINT WARNING * * *
You bump into the rock wall.
Sigmund points at you and mumbles some strange words.
The magic dart hits you.
You die...

###.#.....# #.# #...≈...#
### #.# #
####..≈.≈..#^#.. #.# #
#....≈...≈.#.#.# #.# #
#.##≈..∩..≈#.#.# #.# #
#.##.≈...≈...#.######.#
###.##..≈.≈....#.#......#
#...##...≈.....#:.....###
....##.#####...#@..#.##
#...##.# #....@.#.#
.......# #.####.#.#
....#### # # #.#.#
....######### #.#.#
..).........# #.#.#
###########.# #.#.# #.#
#.#.# #.# #.#.#


You could see Sigmund.

Vanquished Creatures
  2 endoplasms (D:2)
  A giant cockroach (D:1)
  A goblin (D:1)
  A hobgoblin (D:1)
  3 jackals
  3 quokkas (D:1)
  2 ball pythons
  3 bats (D:1)
  A frilled lizard (D:1)
  4 kobolds (D:1)
  3 rats (D:1)
24 creatures vanquished.

Notes
Turn   | Place    | Note
-------+----------+-------------------------------------------
     0 | D:1      | EBASHER the Demonspawn Gladiator began the quest for the
                  | Orb.
     0 | D:1      | Reached XP level 1. HP: 16/16 MP: 1/1
   188 | D:1      | Gained mutation: You have a somewhat thin skeletal
                  | structure. (Dex +2, Stealth+) [demonic ancestry]
   188 | D:1      | Reached XP level 2. HP: 21/22 MP: 2/2
   771 | D:2      | Noticed Sigmund
  1076 | D:2      | Found Fahojo's Distillery.
  1252 | D:2      | Killed from afar by Sigmund

Illustrated notes

Levels and vault maps discovered:
D:1:      minmay_arrival_semitransparent, layout_basic,
          chequers_serial_rivers_small_3
D:2:      layout_basic, serial_shops, nicolae_diamond_shop,
          ebering_ecumenical_altar_ruins, uniq_sigmund

Skill      XL: |  1  2 |
---------------+-------+-----
Long Blades    | 3 |  3.0
Dodging        | 3 |  3.1
Fighting       | |  2.3
Throwing       | |  1.8
Armour         | |  0.1

Action                   || total
-------------------------++-------
Melee: Long sword        ||    83
Throw: Stone             ||     4
       Throwing net      ||     1
 Stab: Sleeping          ||     1
Armor: Leather armour    ||    36
Dodge: Dodged            ||    79
       Rpst.: Long sword ||    21
